cohdb
Replays
Latest Replays
All Replays
Popular Replays
Top Player Replays
Match Explorer
How It Works
Community
CoH3 Stats
Reddit
Sign in to upload your games and track your stats! →
Sign in with Steam
Match 40941088
Unlisted
Match 40941088
Overview
Messages
Build Orders
End
Construct Barracks
Riflemen Squad
M1 Mortar Team
Selects Armored Battlegroup
Riflemen Squad
Grenade Package
Riflemen Squad
Construct Weapon Support Center
M1919 Machine Gun Team
Mechanized Support Center
Bazooka Squad
Construct Motor Pool
M24 Chaffee Light Tank
Selects Assault Engineers
Selects M31 Recovery Vehicle
Selects Fast Deploy
Assault Engineer Squad
Assault Engineer Squad
Improvised Armor
M1 Anti-tank Gun Team
M3 Armored Personnel Carrier
Construct Tank Depot
Selects War Machine
M18 Hellcat Tank Destroyer
M18 Hellcat Tank Destroyer
M18 Hellcat Tank Destroyer
M1918 Browning Automatic Rifles
Riflemen Squad
M3 Armored Personnel Carrier
Selects Seek and Destroy
Selects UNKNOWN (2160077)
Riflemen Squad
Riflemen Squad
M31 Recovery Vehicle
M1 Anti-tank Gun Team
M1 Anti-tank Gun Team
M1919 Machine Gun Team
AI Takeover
ByAndresCh
Megapig
Majovish
stock726
Jd577
Mycyraev
Boujgie Rat
Jobos
0
0
Comments
sign in to comment!
No comments posted yet!